 Dungeon Crawl Stone Soup version 0.28.0-62-gf88900778d (webtiles) character file.

Game seed: 1403380932091974952

135647 cbfl8 the Severer (level 16, -4/220 HPs)
             Began as a Minotaur Berserker on June 29, 2023.
             Was the Champion of Trog.
             Killed from afar by a servant of whispers (41 damage)
             ... with a bolt of lightning
             ... in the Desolation of Salt.
             The game lasted 00:38:45 (29991 turns).

cbfl8 the Severer (Minotaur Berserker)             Turns: 29991, Time: 00:38:46

Health: -4/220     AC: 33    Str: 28    XL:     16   Next: 64%
Magic:  4/4        EV:  7    Int:  7    God:    Trog [******]
Gold:   3951       SH: 30    Dex: 34    Spells: 15/15 levels left

rFire   . . .      SeeInvis .   K - +1 broad axe (antimagic)
rCold   . . .      Faith    .   j - +0 tower shield
rNeg    . . .      Spirit   .   t - +4 crystal plate armour
rPois   .          Reflect  +   (helmet restricted)
rElec   .          Harm     .   q - +2 cloak
rCorr   .          Rampage  .   I - +0 pair of gloves of Immorality {Dex+5}
Will    +....                   M - +0 pair of boots
Stlth   ..........              J - amulet of reflection
HPRegen 0.46/turn               c - +6 ring of dexterity
MPRegen 0.09/turn               v - ring of Traps {Str+6 Int+3 Dex+5}

@: berserking, studying Unarmed Combat, very quick
A: horns 2, retaliatory headbutt, low MP 1
a: Renounce Religion, Berserk, Trog's Hand, Brothers in Arms


You were in the Desolation of Salt.
You worshipped Trog.
Trog was exalted by your worship.
You visited 4 branches of the dungeon, and saw 24 of its levels.
You also visited: Sewer, Bailey, Volcano and Desolation.

You collected 4079 gold pieces.
You spent 128 gold pieces at shops.

Inventory:

Hand Weapons
 B - a +9 broad axe
 F - a +4 vorpal broad axe
 K - a +1 antimagic broad axe (weapon)
Armour
 j - a +0 tower shield (worn)
 q - a +2 cloak (worn)
 t - a +4 crystal plate armour (worn)
 I - the +0 pair of gloves of Immorality (worn) {Dex+5}
   (You found it in a volcano)

   Dex:       It affects your dexterity (+5).
 M - a +0 pair of boots (worn)
Jewellery
 c - a +6 ring of dexterity (left hand)
 v - the ring of Traps (right hand) {Str+6 Int+3 Dex+5}
   (You found it in the Desolation of Salt)

   [ring of strength]

   Str:       It affects your strength (+6).
   Int:       It affects your intelligence (+3).
   Dex:       It affects your dexterity (+5).
 G - a ring of flight
 J - an amulet of reflection (around neck)
Wands
 a - a wand of acid (6)
 l - a wand of iceblast (7)
 o - a wand of flame (52)
 w - a wand of paralysis (12) (quivered)
 x - a wand of polymorph (18)
 y - a wand of mindburst (13)
 E - a wand of digging (2)
Scrolls
 i - 3 scrolls of blinking
 m - 6 scrolls of teleportation
 s - 3 scrolls of fog
 A - 2 scrolls of noise
 H - a scroll of silence
 L - a scroll of enchant armour
 N - a scroll of fear
 O - a scroll of holy word
Potions
 b - 9 potions of mutation
 d - 7 potions of flight
 e - 7 potions of might
 f - 5 potions of curing
 g - 4 potions of cancellation
 h - 5 potions of haste
 k - 2 potions of invisibility
 n - 4 potions of resistance
 p - 2 potions of lignification
 u - 3 potions of berserk rage
 z - a potion of ambrosia
Miscellaneous
 r - a box of beasts


   Skills:
 + Level 14.8 Fighting
 + Level 18.9 Axes
 + Level 14.0 Armour
 + Level 2.9 Dodging
 * Level 5.5 Stealth
 + Level 16.9 Shields
 * Level 12.5 Evocations


You had 15 spell levels left.
You didn't know any spells.
Your spell library was empty.

Dungeon Overview and Level Annotations

Branches:
Dungeon (15/15)            Temple (0/1) D:4            Lair (6/6) D:9
 Shoals (0/4) Lair:3        Snake (0/4) Lair:2        Slime (0/5) Lair:5
    Orc (2/2) D:10            Elf (1/3) Orc:2        Vaults (0/5) D:14
 Depths (0/4) D:15          Sewer (visited)          Bailey (visited)
Volcano (visited)         Desolation (1/1)

Altars:
Ashenzari
Fedhas
Gozag
Qazlal
Sif Muna
Uskayaw
Zin
Beogh
Jiyva

Shops:
D:1 =   Orc:2 (?=!

Portals:
Pandemonium: Orc:2

Annotations:
D:9 2 transporters
Orc:2 2 transporters, mortz's ghost, journeyman DgCj


Innate Abilities, Weirdness & Mutations

You have a pair of horns on your head.
You reflexively headbutt those who attack you in melee.
Your magical capacity is low. (-10% MP)


Message History

You feel the power of Trog in you as your rage grows.
You kill the servant of whispers!
Trog accepts your kill.
You block the servant of whispers's attack.
The servant of whispers mumbles some strange prayers to its god.
The air becomes perfectly still.
You closely miss the servant of whispers.
You barely miss the servant of whispers.
The ironbound convoker begins to recite a word of recall!
You block the servant of whispers's attack. x2
You barely miss the servant of whispers.
You slash the servant of whispers! You slash the servant of whispers!
You headbutt the servant of whispers!!
The servant of whispers is moderately wounded.
You slash the servant of whispers!
The servant of whispers barely misses you.
You furiously retaliate!
You headbutt the servant of whispers!
You block the servant of whispers's attack.
You hit the servant of whispers.
The servant of whispers is heavily wounded.
You barely miss the servant of whispers.
You completely miss the servant of whispers.
Your headbutt misses the servant of whispers.
The servant of whispers is heavily wounded.
You barely miss the servant of whispers.
You block the servant of whispers's attack. x2
You slash the servant of whispers! You headbutt the servant of whispers!
The servant of whispers is almost dead.
You hit the servant of whispers.
The servant of whispers is recalled.
The imperial myrmidon is recalled.
The ragged hierophant is recalled.
The ironbound convoker is recalled.
An imperial myrmidon comes into view.
It is wielding a +2 demon blade of venom.
A servant of whispers comes into view. It is wielding a +0 spear.
An ironbound convoker comes into view. It is wielding a +0 great mace.
The ironbound convoker points at the ragged hierophant and mumbles some strange words.
The ragged hierophant seems to grow stronger.
A ragged hierophant comes into view. It is wielding a +0 rapier.
The servant of whispers invokes the aid of its god against you.
The bolt of lightning hits you!!!
You die...

##################
##################
########################
########################
########################
########################
.......)...............#
#.aa@...............#
#...a.)..............#
......pa...............#
.......................#
...a...p...............#
.......................#
....#..................#
...#...................#
....................#


You could see a ragged hierophant (strong), 3 servants of whispers, an imperial
myrmidon and 2 ironbound convokers.

Vanquished Creatures
  Jorgrun (D:12)
  2 ghouls (D:15)
  A stone giant (D:15)
  Nessos (Lair:4)
  A halazid warlock (Desolation)
  Snorg (D:11)
  2 fire dragons
  Fannar (D:10)
  2 ragged hierophants (Desolation)
  3 boulder beetles
  The ghost of XVortexX the Fighter, a journeyman DsFi of Gozag (D:11)
  2 servants of whispers (Desolation)
  2 peacekeepers (Elf:1)
  12 hydras
  An ice dragon (Lair:6)
  A demonspawn (Orc:2)
  12 two-headed ogres
  2 ogre magi (D:15)
  4 centaur warriors
  A dancing weapon (Volcano)
  9 death yaks
  A death knight (D:15)
  4 tengu warriors
  7 orc high priests (Orc:2)
  A fire crab (Lair:5)
  An iron troll (D:14)
  7 skeletal warriors
  A swamp dragon (Lair:6)
  A swamp dragon (shapeshifter) (D:11)
  Pikel (D:6)
  6 wizards
  7 orc knights
  A glowing orange brain (D:11)
  2 deep elf pyromancers
  A necromancer (D:14)
  4 deep elf zephyrmancers (Elf:1)
  15 ugly things
  5 orc sorcerers (Orc:2)
  A glowing shapeshifter (Elf:1)
  6 cyclopes
  2 manticores
  6 black mambas
  A merfolk siren (Lair:3)
  A black mamba (shapeshifter) (D:13)
  6 elephants
  A torpor snail (Lair:2)
  13 cane toads
  5 toenail golems (Volcano)
  10 komodo dragons
  Psyche (D:12)
  7 rime drakes
  A freezing wraith (D:15)
  3 redback zombies (D:15)
  4 kobold demonologists
  An ice devil (Orc:2)
  A tengu conjurer (D:15)
  A guardian mummy (D:15)
  11 polar bears
  11 trolls
  A hornet (D:14)
  2 tarantellas (shapeshifter)
  12 saltlings (Desolation)
  10 slime creatures
  8 blink frogs
  Prince Ribbit (D:8)
  8 dream sheep
  2 meliai zombies
  A jumping spider (shapeshifter) (D:14)
  2 water elementals
  3 wraiths (D:15)
  Sigmund (D:5)
  7 wyverns
  8 basilisks
  43 yaks
  A human (shapeshifter) (D:11)
  A chaos spawn (Orc:2)
  2 steam dragons
  3 neqoxecs (D:11)
  12 wargs
  A redback simulacrum (D:12)
  5 acid dragons
  15 hell hounds (Lair:6)
  16 water moccasins
  A swamp drake (Lair:6)
  42 orc warriors
  13 black bears
  A necrophage (D:6)
  2 sky beasts (D:6)
  A wolf (shapeshifter) (D:11)
  8 centaurs
  5 ice beasts
  12 ogres
  34 wolves
  A phantom (D:6)
  5 kobold brigands
  The ghost of jjjjhere the Magician, an amateur DEVM (D:3)
  15 bullfrogs
  A gnoll sergeant (D:8)
  A wyvern zombie (D:7)
  A scorpion (shapeshifter) (D:11)
  2 scorpions
  48 killer bees
  4 wights (D:8)
  4 electric eels
  6 howler monkeys
  A bullfrog zombie (D:6)
  2 hounds (D:7)
  A lava snake (Lair:4)
  2 centaur zombies
  A hound (shapeshifter) (D:11)
  3 jellies
  Crazy Yiuf (D:7)
  2 gnoll shamans
  30 orc priests
  A bullfrog skeleton (D:5)
  A centaur skeleton (D:5)
  Natasha (thrice) (D:2)
  4 iguanas
  24 orc wizards
  A hell rat (Lair:2)
  2 hound skeletons (D:4)
  3 mummies (D:15)
  A howler monkey zombie (D:9)
  Robin (D:3)
  11 gnolls
  A howler monkey skeleton (D:5)
  4 adders
  2 river rats (D:4)
  A shadow imp (D:8)
  A white imp (Lair:6)
  2 ufetubi (D:5)
  An adder skeleton (D:4)
  2 worms (D:2)
  5 dart slugs
  98 orcs
  6 endoplasms
  2 giant cockroaches
  7 hobgoblins
  4 jackals
  3 quokkas
  6 ball pythons
  5 bats
  6 frilled lizards
  19 goblins
  16 kobolds
  9 rats
888 creatures vanquished.

Vanquished Creatures (others)
  A deep elf pyromancer (Elf:1)
  A swamp drake (Lair:6)
  14 fungi
  37 plants
  22 withered plants (D:15)
75 creatures vanquished.

Grand Total: 963 creatures vanquished

Notes
Turn   | Place    | Note
-------+----------+-------------------------------------------
     0 | D:1      | cbfl8 the Minotaur Berserker began the quest for the Orb.
     0 | D:1      | Reached XP level 1. HP: 19/19 MP: 0/0
   382 | D:1      | Reached XP level 2. HP: 27/27 MP: 1/1
   387 | D:1      | Found Jiso's One-of-a-Kind Rings.
   459 | D:1      | Reached skill level 4 in Axes
   568 | D:1      | Found a faded altar of an unknown god.
   860 | D:2      | Reached XP level 3. HP: 33/33 MP: 2/2
   972 | D:2      | Reached ** piety under Trog
   980 | D:2      | Reached skill level 1 in Evocations
  1125 | D:2      | Noticed Natasha
  1138 | D:2      | Killed Natasha
  1139 | D:2      | Reached XP level 4. HP: 38/41 MP: 3/3
  1207 | D:2      | Noticed Natasha
  1213 | D:2      | Killed Natasha
  1384 | D:2      | Noticed Natasha
  1388 | D:2      | Killed Natasha
  1389 | D:2      | Reached skill level 5 in Axes
  1488 | D:2      | Reached XP level 5. HP: 47/47 MP: 4/4
  2011 | D:3      | Noticed Robin
  2023 | D:3      | Killed Robin
  2240 | D:3      | Found a large runed translucent door.
  2240 | D:3      | Found a large runed translucent door.
  2245 | D:3      | Noticed jjjjhere's ghost (amateur DEVM)
  2524 | D:3      | Identified the +1 leather armour of Demonic Brilliance
                  | {Int+3}
  2688 | D:3      | Killed jjjjhere's ghost
  2689 | D:3      | Reached skill level 5 in Fighting
  2689 | D:3      | Reached skill level 6 in Axes
  2689 | D:3      | Reached XP level 6. HP: 56/56 MP: 5/5
  2799 | D:4      | Reached *** piety under Trog
  2895 | D:4      | Found a glowing drain.
  2905 | Sewer    | Entered a sewer
  3022 | Sewer    | Noticed a water moccasin
  3030 | Sewer    | Killed a water moccasin
  3031 | Sewer    | Reached skill level 1 in Shields
  3230 | D:4      | Reached skill level 7 in Axes
  3230 | D:4      | Reached XP level 7. HP: 61/61 MP: 6/6
  3515 | D:4      | Found a staircase to the Ecumenical Temple.
  3592 | D:5      | Entered Level 5 of the Dungeon
  3933 | D:5      | Noticed Sigmund
  3943 | D:5      | Killed Sigmund
  3991 | D:5      | Reached XP level 8. HP: 42/70 MP: 7/7
  4147 | D:5      | Found a broken altar of Ashenzari.
  4165 | D:5      | Reached skill level 8 in Axes
  4165 | D:5      | Reached skill level 5 in Armour
  4811 | D:6      | Noticed a troll
  4821 | D:6      | Killed a troll
  4984 | D:6      | Reached skill level 5 in Shields
  4998 | D:6      | Reached skill level 9 in Axes
  4998 | D:6      | Reached XP level 9. HP: 76/78 MP: 8/8
  5087 | D:6      | Noticed Pikel
  5096 | D:6      | Killed Pikel
  5176 | D:6      | Noticed a two-headed ogre
  5185 | D:6      | Killed a two-headed ogre
  5186 | D:6      | Reached skill level 5 in Evocations
  5190 | D:6      | Reached skill level 10 in Axes
  5662 | D:7      | Reached XP level 10. HP: 35/86 MP: 9/9
  6257 | D:7      | Reached **** piety under Trog
  6726 | D:7      | Found a runed translucent door.
  6727 | D:7      | Noticed Crazy Yiuf
  6732 | D:7      | Killed Crazy Yiuf
  7310 | D:8      | Reached skill level 11 in Axes
  7747 | D:8      | Noticed Prince Ribbit
  7765 | D:8      | Killed Prince Ribbit
  8033 | D:8      | Found a shimmering blue altar of Sif Muna.
  8471 | D:8      | Found a glowing silver altar of Zin.
  8476 | D:8      | Found an opulent altar of Gozag.
  8481 | D:8      | Found a stormy altar of Qazlal.
  9056 | D:9      | Reached ***** piety under Trog
  9176 | D:9      | Found a flagged portal.
  9190 | Bailey   | Entered a bailey
  9222 | Bailey   | Noticed an orc knight
  9227 | Bailey   | Found a large runed translucent door.
  9227 | Bailey   | Found a large runed translucent door.
  9237 | Bailey   | Killed an orc knight
  9706 | Bailey   | Noticed a deep elf pyromancer
  9775 | Bailey   | Killed a deep elf pyromancer
  9776 | Bailey   | Reached skill level 12 in Axes
  9776 | Bailey   | Reached XP level 11. HP: 95/95 MP: 10/10
  9820 | Bailey   | Identified the +1 ring mail "Zalylaq" {rF+ rC+}
  9822 | Bailey   | Identified the +9 quarterstaff "Roil" {vorpal, Dex+4}
  9917 | D:9      | Found a transporter.
  9931 | D:9      | Found a staircase to the Lair.
 10518 | D:9      | Found a transporter.
 10519 | D:9      | Found a viscous altar of Jiyva.
 10776 | D:9      | Noticed a great orb of eyes
 10926 | D:10     | Entered Level 10 of the Dungeon
 10927 | D:10     | Noticed a boulder beetle
 10944 | D:10     | Killed a boulder beetle
 11377 | D:10     | Found a staircase to the Orcish Mines.
 11461 | D:10     | Noticed Fannar
 11472 | D:10     | Killed Fannar
 11840 | D:10     | Noticed a skeletal warrior
 11841 | D:10     | Noticed a tengu warrior
 11857 | D:10     | Killed a skeletal warrior
 11858 | D:10     | Killed a tengu warrior
 11861 | D:10     | Reached skill level 13 in Axes
 12081 | D:10     | Found a blossoming altar of Fedhas.
 12093 | D:10     | Received a gift from Trog
 12473 | D:11     | Noticed a two-headed ogre
 12480 | D:11     | Killed a two-headed ogre
 12563 | D:11     | Noticed Snorg
 12577 | D:11     | Killed Snorg
 13056 | D:11     | Reached XP level 12. HP: 106/106 MP: 11/11
 13080 | D:11     | Found a runed translucent gate.
 13082 | D:11     | Found a runed translucent gate.
 13084 | D:11     | Found a runed translucent gate.
 13156 | D:11     | Noticed an anaconda
 13156 | D:11     | a dream sheep changed into an anaconda
 13163 | D:11     | an anaconda changed into a swamp worm
 13500 | D:11     | Reached skill level 10 in Shields
 13574 | D:11     | Reached skill level 10 in Armour
 13659 | D:11     | Found a runed translucent gate.
 13659 | D:11     | Found a runed translucent gate.
 13661 | D:11     | Noticed XVortexX's ghost (journeyman DsFi)
 13674 | D:11     | Found a runed translucent gate.
 13756 | D:12     | Noticed a five-headed hydra
 13936 | D:11     | Reached skill level 10 in Fighting
 13936 | D:11     | Reached skill level 14 in Axes
 14187 | D:12     | Killed an eight-headed hydra
 14527 | D:12     | Noticed a boulder beetle
 14563 | D:12     | Killed a boulder beetle
 14624 | D:12     | Noticed an eight-headed hydra
 14633 | D:12     | Killed a 12-headed hydra
 14818 | D:12     | Noticed Jorgrun
 14835 | D:12     | Killed Jorgrun
 14921 | D:12     | Found a hide-covered altar of Uskayaw.
 15070 | D:12     | Noticed Psyche
 15077 | D:12     | Killed Psyche
 15162 | D:13     | Noticed an eight-headed hydra
 15168 | D:13     | Killed an 11-headed hydra
 15321 | D:13     | Reached skill level 15 in Axes
 15647 | D:13     | Noticed a boulder beetle
 15675 | D:13     | Killed a boulder beetle
 15676 | D:13     | Reached XP level 13. HP: 78/114 MP: 12/12
 16321 | D:14     | Noticed a fire dragon
 16330 | D:14     | Killed a fire dragon
 16379 | D:14     | Found a gate to the Vaults.
 16969 | D:14     | Identified a scroll of acquirement
 16971 | D:14     | Acquired 679 gold pieces
 17729 | D:14     | Identified the +1 pair of boots of the Manifold Mouths
                  | {Rampage rC- Int-2 Dex+5}
 17786 | D:15     | Entered Level 15 of the Dungeon
 17950 | D:15     | Reached skill level 16 in Axes
 17950 | D:15     | Reached skill level 10 in Evocations
 18025 | D:15     | Noticed a ghoul
 18044 | D:15     | Killed a ghoul
 18059 | D:15     | Reached XP level 14. HP: 35/125 MP: 13/13
 18282 | D:15     | Noticed a ghoul
 18301 | D:15     | Killed a ghoul
 18872 | D:15     | Received a gift from Trog
 19000 | D:15     | Found a staircase to the Depths.
 19000 | D:15     | Noticed a stone giant
 19006 | D:15     | Killed a stone giant
 19248 | D:11     | Killed XVortexX's ghost
 19654 | Lair:1   | Entered Level 1 of the Lair of Beasts
 20304 | Lair:1   | Reached skill level 17 in Axes
 20592 | Lair:2   | Found a staircase to the Snake Pit.
 21498 | Lair:2   | Reached XP level 15. HP: 135/135 MP: 14/14
 22128 | Lair:3   | Reached skill level 1 in Stealth
 22286 | Lair:3   | Found a staircase to the Shoals.
 22852 | Lair:4   | You fall into a shaft and drop 2 floors!
 22852 | Lair:6   | Entered Level 6 of the Lair of Beasts
 22873 | Lair:6   | Reached skill level 15 in Shields
 22873 | Lair:6   | Received a gift from Trog
 22926 | Lair:6   | Reached skill level 18 in Axes
 22967 | Lair:6   | Found a dark tunnel.
 22989 | Volcano  | Entered a volcano
 23153 | Volcano  | Identified the +0 pair of gloves of Immorality {Dex+5}
 23229 | Volcano  | Reached ****** piety under Trog
 23568 | Lair:5   | Identified the +0 giant spiked club of the Onslaught {pain,
                  | rN+++ Int+4 Dex-4 Stlth+}
 23707 | Lair:4   | Noticed Nessos
 23713 | Lair:4   | Paralysed by Nessos for 4 turns
 23718 | Lair:4   | Killed Nessos
 23914 | Lair:4   | Received a gift from Trog
 24591 | Lair:5   | Found a staircase to the Slime Pits.
 24591 | Lair:5   | Found a viscous altar of Jiyva.
 24951 | Lair:5   | Identified the +1 hand axe "Roos" {flame, rPois Dex+4}
 25527 | Lair:6   | Received a gift from Trog
 25544 | Lair:6   | Reached XP level 16. HP: 109/146 MP: 15/15
 26763 | Orc:1    | Entered Level 1 of the Orcish Mines
 27132 | Orc:1    | Found a shimmering blue altar of Sif Muna.
 27330 | Orc:2    | Entered Level 2 of the Orcish Mines
 27661 | Orc:2    | Found a transporter.
 27666 | Orc:2    | Noticed mortz's ghost (journeyman DgCj)
 27708 | Orc:2    | Found a transporter.
 28045 | Orc:2    | Found a staircase to the Elven Halls.
 28164 | Orc:2    | Found Vaoger's Distillery.
 28177 | Orc:2    | Received a gift from Trog
 28178 | Orc:2    | Found Rajimim's Magic Scroll Shop.
 28338 | Orc:2    | Bought a scroll of teleportation for 48 gold pieces
 28338 | Orc:2    | Bought a scroll of teleportation for 48 gold pieces
 28342 | Orc:2    | Bought a scroll of identify for 32 gold pieces
 28934 | Orc:2    | Paralysed by an orc sorcerer for 5 turns
 28950 | Orc:2    | Gained mutation: Your magical capacity is low. (-10% MP) [a
                  | neqoxec]
 29203 | Orc:2    | Reached skill level 5 in Stealth
 29236 | Orc:2    | Found Doadd's Jewellery Shoppe.
 29236 | Orc:2    | Found Hummen's Antique Weapon Emporium.
 29237 | Orc:2    | Found a one-way gate leading to the halls of Pandemonium.
 29303 | Elf:1    | Entered Level 1 of the Elven Halls
 29415 | Elf:1    | Found a crumbling gateway.
 29461 | Desolati | Entered the Desolation of Salt
 29786 | Desolati | Identified the ring of Traps {Str+6 Int+3 Dex+5}
 29800 | Desolati | Identified the +3 steam dragon scales "Rauqapew" {rElec
                  | rPois Str-3 Int+8}
 29991 | Desolati | Killed from afar by a servant of whispers

Illustrated notes

Levels and vault maps discovered:
D:1:      evilmike_arrival_plus, layout_rooms,
          shapermc_ecumenical_altar_mp_urbaneastern, serial_bayou_ford_a,
          nicolae_shop_unique_rings
D:2:      layout_basic, uniq_natasha
D:3:      layout_basic, serial_rivers, chequers_serial_rivers_micro_a,
          chequers_serial_rivers_large_b, chequers_serial_rivers_large_a,
          chequers_serial_rivers_marsh, ebering_ghost_disaster_area,
          minmay_splitting_lines, uniq_robin
D:4:      layout_basic, minmay_temple_entry_antechambers,
          cheibrodos_sewer_entry_sluice
D:5:      layout_rooms, nicolae_ashenzari_panopticon, small_statue_intersection,
          uniq_sigmund
D:6:      layout_basic, uniq_pikel
D:7:      layout_cave_pods, uniq_crazy_yiuf_cottage
D:8:      layout_cave_pods, grunt_temple_overflow_open,
          kennysheep_generic_room_2, uniq_prince_ribbit1
D:9:      gammafunk_jiyva_shrine, layout_basic, erik_lair_orcish_takeover,
          enter_bailey_3
D:10:     layout_long_grid, fedhas_altar_1, hiddenorc2_lemuel,
          minmay_misc_feat_rows, minmay_radiant, uniq_fannar
D:11:     layout_rooms, ploomutoo_gammafunk_ghost_potion_laboratory, uniq_snorg
D:12:     layout_loops_corners, eat_drink_and_be_merry_uskayaw, uniq_jorgrun,
          uniq_psyche
D:13:     layout_stronghold, kennysheep_boxes
D:14:     wad_woods_minihive, layout_basic, david_vaults_4
D:15:     grunt_enter_depths_snipers, layout_rooms, special_room
          [special_room_orc], hangedman_decor_lopped, serial_undead,
          serial_undead_c, serial_undead_f, serial_undead_c, serial_undead_f,
          serial_undead_d, serial_undead_e, serial_undead_e, serial_undead_b,
          serial_undead_b, serial_undead_c
Lair:1:   layout_roguey, grunt_megastairs_3
Lair:2:   nzn_winding_woodlands_huge [nzn_winding_woodlands_5x15_pockets,
          nzn_winding_woodlands_5x15_longhouse,
          nzn_winding_woodlands_5x15_garden,
          nzn_winding_woodlands_5x15_sawtooth,
          nzn_winding_woodlands_5x15_parted, nzn_winding_woodlands_5x15_cabin,
          nzn_winding_woodlands_5x15_river_crossing,
          nzn_winding_woodlands_5x15_lazy_stream,
          nzn_winding_woodlands_5x15_sidewinder,
          nzn_winding_woodlands_5x15_crooked,
          nzn_winding_woodlands_center_pierced_h,
          nzn_winding_woodlands_center_diamonds,
          nzn_winding_woodlands_15x15_thick_spiral], layout_gridlike
Lair:3:   layout_roguey, minmay_shoals_entry_lonely_mermaid
Lair:4:   layout_gridlike, grunt_megastairs_5, serial_bayou_shore_b,
          serial_bayou_shore_a, uniq_nessos
Lair:5:   layout_cave_shapes, slime_altar_1
Lair:6:   hangedman_lair_caniforms_friends, layout_regular_city,
          guppyfry_lair_end_dragon, nicolae_volcano_entry_hallway,
          bobbens_ice_dragon_lair
Orc:1:    layout_caves, led_sif_book
Orc:2:    pf_orc_diabolical, layout_caves, gammafunk_ghost_berserking_beasts,
          mines1_david
Elf:1:    eino_elf_arrival_the_gate, layout_loops_cross,
          portal_desolation_entry_twin_temple, minmay_elf_annihilation
Desolation

Skill      XL: |  1  2  3  4  5  6  7  8  9 10 11 12 13 14 15 16 |
---------------+-------------------------------------------------+-----
Fighting       | 4 5 6 7 8 9 10 11 13 14 | 14.8
Axes           | 4 5 6 7 9 10 12 13 15 16 17 18 | 18.9
Evocations     | 1 2 3 4 5 6 7 9 10 11 12 | 12.5
Armour         | 3 4 6 7 8 9 11 12 13 14 | 14.0
Shields        | 1 3 5 6 8 9 11 13 14 15 16 | 16.9
Stealth        | 4 5 |  5.5
Dodging        | |  2.9

Action                   |  1- 3 |  4- 6 |  7- 9 | 10-12 | 13-15 | 16-18 || total
-------------------------+-------+-------+-------+-------+-------+-------++-------
Melee: Hand axe          |    85 |   106 |   179 |       |       |       ||   370
       Headbutt          |    15 |    24 |    57 |   128 |   255 |   131 ||   610
       Punch             |     1 |       |       |       |       |       ||     1
       War axe           |       |       |    43 |   543 |   431 |       ||  1017
       Broad axe         |       |       |       |       |   614 |   455 ||  1069
Invok: Berserk           |       |     3 |     6 |    15 |    19 |     6 ||    49
       Trog's Hand       |       |       |       |     1 |     1 |     2 ||     4
Evoke: Wand              |       |       |       |    12 |     5 |       ||    17
       Box of beasts     |       |       |       |       |     1 |       ||     1
  Use: Scroll            |     2 |     4 |     2 |    15 |    18 |     5 ||    46
       Potion            |       |       |       |     6 |     1 |       ||     7
 Stab: Paralysed         |       |       |       |       |     5 |       ||     5
Armor: Animal skin       |     2 |       |       |       |       |       ||     2
       Chain mail        |    37 |    59 |    10 |       |       |       ||   106
       Plate armour      |       |       |   114 |   118 |       |       ||   232
       Crystal plate arm |       |       |       |   165 |   630 |   119 ||   914
Dodge: Dodged            |    45 |    22 |    37 |    68 |   121 |    29 ||   322
Block: Tower shield      |       |    38 |   180 |   515 |  1135 |   471 ||  2339
       Reflection        |       |       |       |       |     3 |    11 ||    14
